 Dungeon Crawl Stone Soup version 0.21-a0-228-g14ccbf3 (webtiles) character file.

233 Gorglomux the Stinger (level 6, -10/44 HPs)
             Began as a Gnoll Transmuter on Aug 31, 2017.
             Killed by divine providence
             ... invoked by an orc priest
              (12 damage)
             ... on level 4 of the Dungeon.
             The game lasted 00:05:25 (2773 turns).

Gorglomux the Stinger (Gnoll Transmuter)            Turns: 2773, Time: 00:05:26

Health: -10/44     AC:  2    Str:  7    XL:     6   Next: 4%
Magic:  7/12       EV: 12    Int:  7    God:
Gold:   77         SH:  0    Dex:  7    Spells: 7/13 levels left

rFire    . . .     SeeInvis .     - Unarmed
rCold    . . .     Gourm    .   (no shield)
rNeg     . . .     Faith    .   b - +0 robe
rPois    .         Spirit   .   (no helmet)
rElec    .         Reflect  .   (no cloak)
rCorr    .         Harm     .   (no gloves)
MR       .....                  (no boots)
Stlth    ++........             y - amulet of magic regeneration
HPRegen  0.14/turn              x - ring of stealth
MPRegen  0.38/turn              (no ring)

@: very slightly contaminated
A: unchanging attributes, fangs 1, strong nose
a: no special abilities


You were on level 4 of the Dungeon.
You were hungry.

You visited 1 branch of the dungeon, and saw 6 of its levels.

You collected 77 gold pieces.

Inventory:

Missiles
 a - 49 arrows
Armour
 b - a +0 robe (worn)
Jewellery
 x - a ring of stealth (left hand)
 y - an amulet of magic regeneration (around neck)
 H - a cursed ring of poison resistance {unknown}
Scrolls
 g - 3 scrolls of teleportation {unknown}
 h - a scroll of recharging {unknown}
 j - 2 scrolls of remove curse {unknown}
 E - a scroll of random uselessness {unknown}
 F - a scroll of fog {unknown}
 I - a scroll of identify {unknown}
 J - a scroll of amnesia {unknown}
 M - a scroll of blinking {unknown}
Potions
 e - a potion of cancellation {unknown}
 f - a potion of invisibility {unknown}
 A - 6 potions of curing {unknown}
 D - 2 potions of degeneration {unknown}
 K - a potion of lignification {unknown}
 L - a potion of brilliance {unknown}
Books
 c - a book of Changes

   Spells                             Type                      Level
   a - Beastly Appendage              Transmutation                1
   b - Sticks to Snakes               Transmutation                2
   c - Spider Form                    Transmutation/Poison         3
   d - Ice Form                       Ice/Transmutation            4
   e - Blade Hands                    Transmutation                5
Comestibles
 d - 3 bread rations
 z - 2 meat rations
 C - a royal jelly
 N - 2 chunks of flesh


   Skills:
 + Level 1.7 Fighting
 - Level 2.6 Dodging
 + Level 4.2 Unarmed Combat
 - Level 4.0 Spellcasting
 - Level 4.0 Transmutations
 - Level 6.0 Poison Magic


You had 7 spell levels left.
You knew the following spells:

 Your Spells              Type           Power        Failure   Level  Hunger
a - Beastly Appendage     Tmut           #.....       6%          1    ##.....
b - Sticks to Snakes      Tmut           #.......     9%          2    ###....
c - Spider Form           Tmut/Pois      #.........   12%         3    ####...


Dungeon Overview and Level Annotations

Branches:
Dungeon (6/15)
 Temple: D:4-7

Altars:
Ashenzari
Cheibriados
Elyvilon
Fedhas
The Shining One

Annotations:
D:5 Menkaure
D:6 Edmund


Innate Abilities, Weirdness & Mutations

Your physical attributes are unchanging.
You have very sharp teeth.
Your uncanny sense of smell can sniff out nearby items.


Message History

Confirm with ! or Enter, or press ? or * to list all spells!
You create a snake!!!
You now have 50 arrows!
Casting: Sticks to Snakes
Confirm with ! or Enter, or press ? or * to list all spells!
You create a snake!!!
You butt butt 49 arrows!
The orc shouts!!!
The orc wizard looks butt for a moment!
Casting: Sticks to Snakes
Confirm with ! or Butt, or press ? or * to list all spells!
You miscast Sticks to Snakes!
You are very lightly contaminated with residual magic!
Your hands glow butt-ly!
The orc wizard gestures at you while chanting!
The puff of flame hits butt!!! * * * don't die
* * * An orc priest comes into view!
Unknown command!
The orc priest calls butt the wrath of Beogh upon you!
Beogh smites you!!! rip

....
..[..
o....
##...####
....o...#
...oS...#
....S...#
........#
.$.....@#
........#
#######..
##.. ...
...# ...#
..##


You could see an orc priest, an orc wizard, an orc and 2 friendly ball pythons.

Vanquished Creatures
  Sigmund (D:2)
  5 adders
  A worm (D:3)
  A dart slug (D:1)
  4 bats
  2 giant cockroaches
  7 goblins
  5 hobgoblins
  8 kobolds
  A quokka (D:2)
  2 frilled lizards (D:1)
  6 rats
43 creatures vanquished.

Notes
Turn   | Place    | Note
-------+----------+-------------------------------------------
     0 | D:1      | Gorglomux the Gnoll Transmuter began the quest for the Orb.
     0 | D:1      | Reached XP level 1. HP: 15/15 MP: 4/4
   376 | D:1      | Reached skill level 3 in Transmutations
   691 | D:1      | Reached XP level 2. HP: 21/21 MP: 4/6
   695 | D:1      | Learned a level 2 spell: Sticks to Snakes
  1439 | D:1      | Reached XP level 3. HP: 9/26 MP: 8/8
  1697 | D:2      | Found a blossoming altar of Fedhas.
  1697 | D:2      | Found a shattered altar of Ashenzari.
  1697 | D:2      | Found a snail-covered altar of Cheibriados.
  1701 | D:2      | Found a white marble altar of Elyvilon.
  1723 | D:2      | Learned a level 3 spell: Spider Form
  1731 | D:2      | Reached skill level 1 in Poison Magic
  1798 | D:2      | Found a glowing golden altar of the Shining One.
  1815 | D:2      | Reached skill level 2 in Poison Magic
  2097 | D:2      | Reached XP level 4. HP: 31/32 MP: 7/9
  2147 | D:2      | Noticed Sigmund
  2210 | D:2      | Killed Sigmund
  2210 | D:2      | Reached skill level 5 in Poison Magic
  2210 | D:2      | Reached XP level 5. HP: 26/37 MP: 6/10
  2283 | D:2      | Reached skill level 6 in Poison Magic
  2481 | D:3      | Reached XP level 6. HP: 43/43 MP: 10/12
  2735 | D:3      | You fall through a shaft for 3 floors!
  2741 | D:6      | Noticed Edmund
  2745 | D:6      | Noticed an orc warrior
  2760 | D:5      | Entered Level 5 of the Dungeon
  2760 | D:5      | Noticed Menkaure
  2772 | D:4      | HP: 2/44 [orc wizard/puff of flame (10)]
  2773 | D:4      | Killed from afar by an orc priest

Vault maps used:
D:1:      nicolae_arrival_somewhat_less_tricky_arrival, minmay_misc_feat_x,
          minmay_cupped
D:2:      minitemple, lemuel_crystal_altar, uniq_sigmund
D:3:      first_bread
D:4:      yredelemnul_forgotten_temple_becter,
          grunt_temple_overflow_order_and_chaos_2, minivault_4
D:5:      marbit_many_paths, gup_ossuary_entry_pyramid,
          minmay_misc_feat_diagonals, st_stairs_6, uniq_menkaure
D:6:      uniq_edmund

Skill      XL: |  1  2  3  4  5 |
---------------+----------------+-----
Transmutations | 3 4 |  4.0
Poison Magic   | 2 5 6 |  6.0
Spellcasting   | 4 |  4.0
Fighting       | |  1.7
Dodging        | |  2.6
Unarmed Combat | |  4.2

Action                   |  1- 3 |  4- 6 || total
-------------------------+-------+-------++-------
Melee: Unarmed           |   128 |    54 ||   182
       Kick              |     6 |       ||     6
       Bite              |     3 |       ||     3
       Headbutt          |     1 |       ||     1
 Cast: Beastly Appendage |    12 |       ||    12
       Spider Form       |     6 |    13 ||    19
       Sticks to Snakes  |     1 |     5 ||     6
 Stab: Sleeping          |     1 |       ||     1
  Eat: Chunk             |     5 |     4 ||     9
Armor: Robe              |    20 |     3 ||    23
       Skin              |     2 |     2 ||     4
Dodge: Dodged            |    83 |    39 ||   122

Table legend:
 A = Spawn XP
 B = Non-spawn XP
 C = Spawn XP percentage of total XP
 D = Spawn monster count
 E = Non-spawn monster count
 F = Spawn count percentage of total count
 G = Total turns spent on level
                    A         B        C        D         E        F      G
               +---------+---------+-------+---------+---------+-------+---------
         Total |      13 |     320 |   3.9 |       8 |      35 |  18.6 |  2773
               +---------+---------+-------+---------+---------+-------+---------
           D:1 |      10 |      25 |  28.6 |       6 |      14 |  30.0 |  1675
           D:2 |       1 |     273 |   0.4 |       1 |      16 |   5.9 |   791
           D:3 |       2 |      22 |   8.3 |       1 |       5 |  16.7 |   269
               +---------+---------+-------+---------+---------+-------+---------
